 Dungeon Crawl Stone Soup version 0.16-a0-296-gbdb9f68 (webtiles) character file.

19 Ratboiler the Skirmisher (level 2, 0/26 HPs)
             Began as a Hill Orc Abyssal Knight on Aug 29, 2014.
             Was a Follower of Lugonu.
             Succumbed to an adder's poison
             ... on Level 2 of the Dungeon.
             The game lasted 00:10:59 (1260 turns).

Ratboiler the Skirmisher (Hill Orc Abyssal Knight)  Turns: 1260, Time: 00:10:59

HP   0/26        AC  3     Str 14      XL: 2   Next: 75%
MP   4/4         EV  8     Int 12      God: Lugonu [*.....]
Gold 34          SH  3     Dex 15      Spells:  0 memorised,  1 level left

rFire  + . .     SeeInvis .     a - +1 mace
rCold  x . .     Clarity  .     b - +0 leather armour
rNeg   . . .     rCorr    .     e - +0 buckler
rPois  .         rRot     .     (no helmet)
rElec  .         Spirit   .     (no cloak)
SustAb .         Warding  .     (no gloves)
rMut   .         Stasis   .     (no boots)
Gourm  .                        (no amulet)
MR     .....                    m - cursed -6 ring of evasion
                                d - ring of fire

@: agile, lethally poisoned, very slightly contaminated, hasted, very quick, not
resistant to hostile enchantments, unstealthy
A: high mp 1
a: Depart the Abyss, Renounce Religion


You were on level 2 of the Dungeon.
You worshipped Lugonu.
Lugonu was aware of your devotion.
You were very hungry.

You visited 1 branch of the dungeon, and saw 2 of its levels.
You visited the Abyss 1 time.

You collected 34 gold pieces.

Inventory:

Hand weapons
 a - a +1 mace (weapon)
 h - a +0 whip
Missiles
 g - 24 arrows
 l - 9 stones (quivered)
Armour
 b - a +0 leather armour (worn)
 e - a +0 buckler (worn)
Comestibles
 c - 2 meat rations
Jewellery
 d - a ring of fire (left hand)
 f - an uncursed ring of protection from magic
 m - a cursed -6 ring of evasion (right hand)


   Skills:
 - Level 3.6 Fighting
 * Level 2.8 Maces & Flails
 + Level 2.3 Armour
 - Level 0.7 Dodging
 * Level 3.3 Invocations


You had one spell level left.
You didn't know any spells.

Dungeon Overview and Level Annotations

Branches:
Dungeon (2/15)

Altars:
Okawaru


Innate Abilities, Weirdness & Mutations

You have an increased reservoir of magic (+10% MP).


Message History

d - a ring of fire (left hand)
A jackal comes into view.
Found 8 arrows.
* * * LOW HITPOINT WARNING * * *
You feel sick.
Found 13 stones.
You see here a scroll of blinking.
i - a scroll of blinking Read which item? (? for menu, Esc to quit)
Blink to where?
Press: ? - help, Dir - move target cursor
As you read the scroll of blinking, it crumbles to dust.
A giant newt, an adder, a rat, a quokka and 2 jackals come into view.
The jackal barks!
Found 17 stones.
Found an escape hatch in the floor.
The jackal barks!
You see here 13 stones.
You see here 17 stones.
A bat comes into view.
You die...

.#......♣♣♣PP♣♣. .#.
..........♣♣PP.P
....###hShr..........$
.......#....h..........
...>....r..?..##........
........................
[..l...................(
#........................
........@((....##..§.....
.........##(..###....#...
b.....######## ##......#
.....# ######.. #...# ###
###


You could see an adder (wandering), a quokka, 3 jackals, a bat (sleeping), a
giant newt (sleeping) and a rat (wandering).

Vanquished Creatures
  An adder (D:2)
  2 hobgoblins (D:1)
  3 bats
  A giant newt (D:1)
  A goblin (D:1)
  2 kobolds (D:1)
  2 rats (D:1)
12 creatures vanquished.

Notes
Turn   | Place    | Note
--------------------------------------------------------------
     0 | Abyss:1  | Ratboiler, the Hill Orc Abyssal Knight, began the quest for the Orb.
     0 | Abyss:1  | Reached XP level 1. HP: 19/19 MP: 1/1
   107 | Abyss:1  | Noticed a large abomination
   108 | D:1      | Escaped the Abyss
   482 | D:1      | Acquired Lugonu's first power
   694 | D:1      | Reached XP level 2. HP: 26/26 MP: 1/3
  1208 | D:2      | Found an iron altar of Okawaru.
  1245 | D:2      | Gained mutation: Your muscles are strong. (Str +2) [potion of mutation]
  1245 | D:2      | Gained mutation: You have an increased reservoir of magic (+10% MP). [potion of mutation]
  1245 | D:2      | Lost mutation: Your muscles are strong. (Str +2) [potion of mutation]
  1248 | D:2      | HP: 1/26 [poisoned by an adder]
  1254 | D:2      | HP: 1/26 [poisoned by an adder]
  1260 | D:2      | Succumbed to an adder's poison

Action                   || total
-------------------------++-------
Melee: Mace              ||    33
Throw: Stone             ||     8
Invok: Depart the Abyss  ||     1
  Use: Scroll            ||     5
       Potion            ||     3
